 Dungeon Crawl Stone Soup version 0.31-a0-875-g02e7d12df6 (webtiles) character file.

Game seed: 16800032905322355831

45 Shayle the Ruffian (level 3, 0/27 HPs)
             Began as a Human Shapeshifter on Oct 13, 2023.
             Hit by a goblin thrown by Robin (1 damage)
             ... on level 2 of the Dungeon.
             The game lasted 00:02:58 (1405 turns).

Shayle the Ruffian (Human Shapeshifter)             Turns: 1405, Time: 00:02:59

Health: 0/27       AC:  2    Str: 14    XL:     3   Next: 90%
Magic:  3/3        EV: 12    Int: 12    God:
Gold:   88         SH:  0    Dex: 12    Spells: 2/2 levels left

rFire   . .          .
                       - Unarmed
rCold   . . .        (no shield)
rNeg    . . .        a - +0 animal skin
rPois   .            (helmet currently unavailable)
rElec   .            (cloak currently unavailable)
rCorr   .            (gloves currently unavailable)
SInv    .            (boots currently unavailable)
Will    .....        (no amulet)
Stlth   +            (no ring)
HPRegen 0.24/turn    (no ring)
MPRegen 0.08/turn

%: no passive effects
@: beast-form, hasted, very quick
A: beast (slay +1)
a: Begin Untransformation


You were on level 2 of the Dungeon.
You were a hulking beast.
You visited 1 branch of the dungeon, and saw 2 of its levels.

You collected 88 gold pieces.

Inventory:

Hand Weapons
 k - a +0 dagger of holy wrath
Armour
 a - a +0 animal skin (worn)
 f - a +0 cloak
 i - a +0 pair of gloves
Talismans
 c - a beast talisman (active)
 d - a flux talisman
Scrolls
 e - a scroll of blinking {unknown}
 g - a scroll of enchant weapon {unknown}
 h - a scroll of identify
Potions
 b - a potion of lignification


   Skills:
 + Level 1.8 Fighting
 + Level 2.5 Dodging
 + Level 3.4 Unarmed Combat
 + Level 3.3 Shapeshifting


You had 2 spell levels left.
You didn't know any spells.
Your spell library contained the following spells:

 Spells                   Type           Power      Damage    Failure   Level
 Gell's Gravitas          Tloc           0%         N/A       69%         3
 Teleport Other           Tloc           0%         N/A       69%         3
 Dispersal                Tloc           0%         N/A       100%        6


Dungeon Overview and Level Annotations

Branches:
Dungeon (2/15)

Altars:

Annotations:
D:2 1 runed translucent door, Crazy Yiuf, Robin


Message History

The goblin hits you with a +0 club.
You hit the goblin.
You kill the goblin!
A hobgoblin comes into view.
Robin of the Strong Arm comes into view.
They are wielding a +0 spear.
Things that are here:
a +0 club; a goblin corpse Robin shouts!
You hear a shout!
The goblin unwields a +0 dagger.
The goblin wields a +0 sling.
The goblin shoots a sling bullet.
The sling bullet hits you. The goblin hits you with a +0 club.
The goblin shoots a sling bullet.
The sling bullet misses you.
Robin roars a battlecry!
The goblins go into a battle-frenzy!
The goblin shoots a sling bullet.
The sling bullet barely misses you.
You hear a shout!
Robin throws the goblin at you!
The goblin unwields a +0 sling.
The goblin wields a +0 dagger.
The goblin barely misses you.
You barely miss the goblin. The goblin hits you with a +0 club.
You barely miss the goblin. The goblin closely misses you.
The goblin hits you with a +0 club.
You hit the goblin.
You kill the goblin!
The goblin hits you with a +0 club. The goblin attacks as it pursues you!
The goblin hits you with a +0 club.
* * * LOW HITPOINT WARNING * * *
Things that are here:
a +0 dagger; a +0 sling; a goblin corpse Robin attacks as they pursues you!
Robin completely misses you.
As you read the scroll labelled FASKIP VEFAODOE, it crumbles to dust.
It is a scroll of identify.
j - a potion of haste Robin hits you from afar with a +0 spear.
* * * LOW HITPOINT WARNING * * *
The goblin hits you with a +0 club.
* * * LOW HITPOINT WARNING * * *
Okay, then.
You feel yourself speed up. Robin throws the goblin at you!
You die...
Robin says, "And that's why I'm the boss."

.......#..#.# #.
###......)...#...
.............g.#
##.........##..#
#.#.#...g## '
#....g...#
#####g#### #+# #)#
#.# #h# #.# #g#
####.## #†#
.##...## #.#
.#.....#########.#
.##...#..))).....#
.###.##.##########
........#
####.####


You could see Robin, a hobgoblin (strong) and a goblin (strong).

Vanquished Creatures
  An adder (D:2)
  A worm (D:2)
  An endoplasm (D:1)
  6 goblins (D:2)
  7 hobgoblins
  5 jackals (D:1)
  A quokka (D:2)
  A ball python (D:1)
  2 bats
  2 frilled lizards (D:2)
  2 kobolds
29 creatures vanquished.

Notes
Turn   | Place    | Note
-------+----------+-------------------------------------------
     0 | D:1      | Shayle the Human Shapeshifter began the quest for the Orb.
     0 | D:1      | Reached XP level 1. HP: 15/15 MP: 1/1
   331 | D:1      | Reached XP level 2. HP: 21/21 MP: 2/2
   985 | D:2      | Reached XP level 3. HP: 19/26 MP: 3/3
  1196 | D:2      | Found a runed translucent door.
  1197 | D:2      | Noticed Crazy Yiuf
  1393 | D:2      | Noticed Robin
  1404 | D:2      | HP: 1/27 [goblin/+0 club[Robin] (2)]
  1405 | D:2      | Hit by a goblin thrown by Robin

Illustrated notes

Levels and vault maps discovered:
D:1:      dpeg_arrival_round_c, layout_loops_corners
D:2:      kennysheep_big_flooded_room, layout_loops_corners,
          kennysheep_jessica_study, uniq_robin, uniq_crazy_yiuf_cottage,
          uniq_natasha

Action                     || total
---------------------------++-------
  Melee: Unarmed           ||    96
         Punch             ||     2
    Use: Scroll            ||     1
         Potion            ||     1
   Stab: Sleeping          ||     1
 Armour: Animal skin       ||    53
  Dodge: Dodged            ||    50

Table legend: (Time is in decaauts)
 A = Elapsed time spent in this place.
 B = Non-inter-level travel time spent in this place.
 C = Inter-level travel time spent in this place.
 D = Time resting spent in this place.
 E = Time spent auto-exploring this place.
 F = Levels seen in this place.
 G = Mean time per level.
                   A        B        C        D        E       F      G
               +--------+--------+--------+--------+--------+-----+--------+
         Total |   1399 |   1378 |     21 |    107 |   1013 |   2 |  699.5 |
       Dungeon |   1399 |   1378 |     21 |    107 |   1013 |   2 |  699.5 |
               +--------+--------+--------+--------+--------+-----+--------+

Top non-repeatable levels by time:
     D:1: 974 daAuts
     D:2: 424 daAuts
